 Dungeon Crawl Stone Soup version 0.30.0-5-g1a98f26d00 (webtiles) character file.

Game seed: 2660968473264256945

60 H0rd4k the Charlatan (level 4, 0/32 HPs)
             Began as a Human Artificer on May 10, 2023.
             Succumbed to an adder's poison
             ... on level 2 of the Dungeon.
             The game lasted 00:01:19 (1331 turns).

H0rd4k the Charlatan (Human Artificer)              Turns: 1331, Time: 00:01:20

Health: 0/32       AC:  4    Str: 12    XL:     4   Next: 25%
Magic:  4/4        EV: 11    Int: 13    God:
Gold:   158        SH:  0    Dex: 14    Spells: 3/3 levels left

rFire   . . .        p - +0 flail
rCold   . . .        (no shield)
rNeg    . . .        b - +0 leather armour
rPois   .            (no helmet)
rElec   .            (no cloak)
rCorr   .            (no gloves)
SInv    .            h - +0 pair of boots
Will    .....        (no amulet)
Stlth   +            (no ring)
HPRegen 0.25/turn    (no ring)
MPRegen 0.09/turn

%: no passive effects
@: lethally poisoned (0 -> -7)
A: no striking features
a: no special abilities


You were on level 2 of the Dungeon.
You visited 1 branch of the dungeon, and saw 2 of its levels.

You collected 158 gold pieces.

Inventory:

Hand Weapons
 p - a +0 flail (weapon)
Missiles
 o - 4 poisoned darts
Armour
 b - a +0 leather armour (worn)
 h - a +0 pair of boots (worn)
Wands
 c - a wand of flame (6) (quivered)
 d - a wand of charming (15)
 e - a wand of iceblast (5)
Scrolls
 a - a scroll of enchant armour {unknown}
 f - 3 scrolls of identify {unknown}
 g - 2 scrolls of noise {unknown}
 k - a scroll of torment {unknown}
 l - a scroll of blinking {unknown}
Potions
 i - a potion of cancellation {unknown}
 j - a potion of magic {unknown}
 m - a potion of haste {unknown}
 n - a potion of lignification {unknown}


   Skills:
 + Level 1.3 Fighting
 + Level 1.8 Maces & Flails
 - Level 2.0 Armour
 + Level 1.5 Dodging
 + Level 1.2 Stealth
 + Level 3.8 Evocations


You had 3 spell levels left.
You didn't know any spells.
Your spell library was empty.

Dungeon Overview and Level Annotations

Branches:
Dungeon (2/15)

Altars:
Vehumet

Shops:
D:1 (


Message History

Aim: an adder (53% to hit)
The puff of flame misses the adder.
The puff of flame hits the ball python.
The ball python is severely wounded.
You feel sick. The adder closely misses you. The adder barely misses you.
Aiming: Throw Flame
Press: ? - help, Shift-Dir - straight line, f/p - adder
Aim: an adder (53% to hit)
The puff of flame misses the adder.
The puff of flame hits the ball python!
You kill the ball python!
You feel sick. The adder bites you but does no damage.
Aiming: Throw Flame
Press: ? - help, Shift-Dir - straight line, f/p - adder
Aim: an adder (53% to hit)
The puff of flame misses the adder.
You feel sick. The adder bites you.
* * * LOW HITPOINT WARNING * * *
You are lethally poisoned!
The adder poisons you!
Unknown command.
Aiming: Throw Flame
Press: ? - help, Shift-Dir - straight line, f/p - adder
Aim: an adder (53% to hit)
The puff of flame misses the adder.
* * * LOW HITPOINT WARNING * * *
You feel sick. The adder closely misses you.
Unknown command.
Aiming: Throw Flame
Press: ? - help, Shift-Dir - straight line, f/p - adder
Aim: an adder (53% to hit)
The puff of flame misses the adder.
* * * LOW HITPOINT WARNING * * *
You feel sick. The adder barely misses you. The adder bites you.
* * * LOW HITPOINT WARNING * * *
You are more poisoned.
The adder poisons you!
Aiming: Throw Flame
Press: ? - help, Shift-Dir - straight line, f/p - adder
Aim: an adder (53% to hit)
The puff of flame hits the adder.
The adder is heavily wounded.
You die...

#.##.# #.##.........#
#.# #.##.#
#............# #.#
...... ####......>..#
#.# #.##.# ####...####
#.# #.##.# .# #...# #S#
....[##.# #...#
#.#####.# ##.## .# #.#
#S# # #.# #@# ##.## #.#
##...#######$#######
#.###.......)...........
.........#######(#######
#######.#...<....#
#.#.######## #.#.# #.#.#


You could see an adder.

Vanquished Creatures
  2 adders (D:2)
  A worm (D:2)
  5 dart slugs (D:2)
  A bat (D:2)
  3 endoplasms (D:1)
  4 goblins (D:2)
  3 hobgoblins (D:2)
  4 kobolds
  2 quokkas
  3 ball pythons
  A frilled lizard (D:1)
  2 rats (D:1)
31 creatures vanquished.

Notes
Turn   | Place    | Note
-------+----------+-------------------------------------------
     0 | D:1      | H0rd4k the Human Artificer began the quest for the Orb.
     0 | D:1      | Reached XP level 1. HP: 15/15 MP: 1/1
    29 | D:1      | Found a faded altar of an unknown god.
   140 | D:1      | You fall into a shaft and drop 1 floor!
   184 | D:2      | Reached XP level 2. HP: 16/21 MP: 2/2
   428 | D:1      | Reached XP level 3. HP: 26/26 MP: 3/3
   553 | D:1      | Found Uceoz's Weapon Boutique.
   726 | D:2      | Found a radiant altar of Vehumet.
   753 | D:2      | Reached skill level 1 in Maces & Flails
  1053 | D:2      | Reached XP level 4. HP: 22/32 MP: 4/4
  1331 | D:2      | Succumbed to an adder's poison

Illustrated notes

Levels and vault maps discovered:
D:1:      lightli_arrival_flooded_house, layout_rooms,
          chequers_ecumenical_altar_island, serial_shops,
          nicolae_shop_statue_plus
D:2:      layout_loops_ring, basic_altar, st_stairs_8

Skill      XL: |  1  2  3 |
---------------+----------+-----
Maces & Flails | 1 |  1.8
Fighting       | |  1.3
Armour         | |  2.0
Dodging        | |  1.5
Stealth        | |  1.2
Evocations     | |  3.8

Action                     |  1- 3 |  4- 6 || total
---------------------------+-------+-------++-------
  Melee: Club              |   126 |       ||   126
         Punch             |     1 |       ||     1
         Flail             |       |    20 ||    20
  Evoke: Wand              |       |     9 ||     9
   Stab: Sleeping          |     2 |       ||     2
 Armour: Leather armour    |    47 |     3 ||    50
  Dodge: Dodged            |    74 |    19 ||    93
